AoeStats
← SpackEye

Arabia

509753615Analyzed
3v3 RM · 5d ago on Sep 27, 2026· 38m 42s· 6 players
Game mode
Random Map
Map size
Normal (6 player)
Population
200
Speed
Normal
Resources
Standard
Victory
Conquest
Starting age
Dark Age
Ending age
Imperial Age
RankedLock teamsTeams togetherTeam positionsShared explorationLock speedFull tech treeHidden civsTurbo modeCheats
Victory
Defeat
🇨🇱 Persians · Chile
1247
+8
🇦🇷 Georgians · Argentina
1050
+15
1016
+16
🇧🇷 Franks · Brazil
1059
-14
🇩🇴 Saxons · Dominican Republic
1045
-13
🇬🇧 Khmer · United Kingdom
1019
-12
faraon_1430
8:29 Loom
10:54 Feudal Age
11:05 Man-at-Arms
28:09 Castle Age
26:09 Double-Bit Axe
28:41 Forging
28:32 Scale Mail Armor
28:53 Fletching
34:48 Chain Mail Armor
36:03 Iron Casting
SpackEye
8:35 Loom
10:21 Feudal Age
12:05 Double-Bit Axe
20:09 Castle Age
19:12 Scale Barding Armor
19:02 Fletching
20:00 Padded Archer Armor
22:18 Bow Saw
23:00 Bodkin Arrow
22:27 Crossbowman
22:34 Crossbowman
27:04 Horse Collar
29:49 Wheelbarrow
CaOk_Emerson
5:02 Loom
10:01 Feudal Age
10:45 Double-Bit Axe
13:38 Scale Barding Armor
20:38 Castle Age
20:44 Gold Mining
21:22 Light Cavalry
23:49 Chain Barding Armor
26:26 Pikeman
29:54 Scale Mail Armor
I need elo plss
6:11 Loom
8:53 Feudal Age
9:18 Double-Bit Axe
14:19 Forging
15:39 Scale Barding Armor
21:17 Castle Age
19:53 Horse Collar
20:25 Gold Mining
22:07 Chain Barding Armor
21:15 Pikeman
26:16 Fletching
27:07 Iron Casting
27:26 Bloodlines
31:27 Wheelbarrow
33:39 Bow Saw
33:33 Heavy Plow
NPG | NUNCAPUEDOGANAR
3:39 Loom
11:04 Feudal Age
11:46 Double-Bit Axe
22:48 Castle Age
21:13 Scale Mail Armor
21:24 Forging
23:55 Pikeman
31:45 Arson
GdN_MonarKA
7:49 Loom
9:53 Feudal Age
10:45 Double-Bit Axe
18:31 Gold Mining
22:43 Castle Age
22:38 Bloodlines
28:11 Husbandry
32:16 Bow Saw
32:01 Stone Mining
32:08 Light Cavalry
33:30 Wheelbarrow
32:40 Town Watch
33:55 Scale Barding Armor
33:41 Fletching
38:03 Hand Cart
40:37 Imperial Age
39:40 Stone Shaft Mining
Connection lost

Rejoining the realm…

Still unreachable

The connection could not be restored.

Session expired

The server has moved on; the page needs a fresh start.